 Dungeon Crawl Stone Soup version 0.28.0-47-ge53b351184 (webtiles) character file.

Game seed: 5811321229261190153

89 Cak3Hol3 the Skirmisher (level 4, -3/37 HPs)
             Began as a Demonspawn Abyssal Knight on May 2, 2022.
             Was a Believer of Lugonu.
             Killed from afar by an orc wizard (5 damage)
             ... with a magic dart
             ... on level 3 of the Dungeon.
             The game lasted 00:10:06 (2583 turns).

Cak3Hol3 the Skirmisher (Demonspawn Abyssal Knight) Turns: 2583, Time: 00:10:07

Health: -3/37      AC:  5    Str: 16    XL:     4   Next: 31%
Magic:  4/5        EV: 11    Int: 11    God:    Lugonu [**....]
Gold:   67         SH:  5    Dex: 13    Spells: 3/3 levels left

rFire   . . .      SeeInvis .   (no weapon)
rCold   . . .      Faith    .   (no shield)
rNeg    . . .      Spirit   .   b - +0 leather armour
rPois   .          Reflect  +   (no helmet)
rElec   .          Harm     .   (no cloak)
rCorr   .          Rampage  .   (no gloves)
Will    .....                   l - +1 pair of boots
Stlth   +.........              j - amulet of reflection
HPRegen 0.12/turn               (no ring)
MPRegen 0.09/turn               (no ring)

@: no status effects
A: claws 1, foul stench 1
a: Renounce Religion, Depart the Abyss, Bend Space


You were on level 3 of the Dungeon.
You worshipped Lugonu.
Lugonu was pleased with you.
You visited 1 branch of the dungeon, and saw 3 of its levels.
You visited the Abyss 1 time.

You collected 67 gold pieces.

Inventory:

Hand Weapons
 a - a +1 spear
 d - a +0 flail
 h - a +0 whip of draining
Missiles
 e - 4 poisoned darts
Armour
 b - a +0 leather armour (worn)
 l - a +1 pair of boots (worn)
Jewellery
 j - an amulet of reflection (around neck)
Scrolls
 c - a scroll of fog {unknown}
 f - a scroll of torment {unknown}
 g - a scroll of identify {unknown}
 i - 2 scrolls of teleportation {unknown}
 k - 2 scrolls of enchant armour {unknown}
 m - a scroll of immolation {unknown}
 o - a scroll of holy word {unknown}
Potions
 n - a potion of flight {unknown}


   Skills:
 + Level 4.0 Fighting
 + Level 1.0 Maces & Flails
 + Level 2.1 Polearms
 + Level 2.5 Armour
 + Level 1.1 Dodging
 + Level 0.1 Stealth
 + Level 0.3 Shields
 + Level 0.1 Unarmed Combat
 + Level 2.5 Invocations


You had 3 spell levels left.
You didn't know any spells.
Your spell library was empty.

Dungeon Overview and Level Annotations

Branches:
Dungeon (3/15)

Altars:

Shops:
D:1 !


Innate Abilities, Weirdness & Mutations

You have sharp fingernails.
You may rarely emit foul miasma when damaged in melee.


Message History

Unknown command.
You hear some strange, mumbled words.
Something tries to affect you, but you resist.
There is an escape hatch in the ceiling here.
You hear some strange, mumbled words.
You are confused.
You're too confused to move!
Something hits you but does no damage. Something hits you.
A ball python comes into view.
You miss something.
The ball python hisses angrily.
Something hits you.
You're too confused to move!
You feel less confused. Something hits you.
You barely miss something. Something hits you.
You miss something.
You hear some strange, mumbled words.
A magic dart appears from out of thin air!
The magic dart hits you!
* * * LOW HITPOINT WARNING * * *
You scratch something.
You hear some strange, mumbled words.
Something tries to affect you, but you resist.
You miss something. Something hits you but does no damage.
You miss something.
You hear some strange, mumbled words.
A magic dart appears from out of thin air!
The magic dart hits you.
* * * LOW HITPOINT WARNING * * *
You closely miss something. The ball python barely misses you.
The ball python closely misses you. Something hits you but does no damage.
You scratch something but do no damage.
The ball python bites you but does no damage.
The ball python barely misses you. Something hits you.
* * * LOW HITPOINT WARNING * * *
Space bends around you!
You blink.
A magic dart appears from out of thin air!
The magic dart hits you.
You die...

#....<.......
#†##)...#...#
###..))..###...
##...#.##.....#.
##..S.)..........
#....{.....######
#....<.....#
#..............
#...@..##...###
#.###.###...# ...
..# #...+ ....
#### #...# #.
..##


You could see a ball python.

Vanquished Creatures
  2 adders
  A gnoll (D:1)
  2 dart slugs (D:1)
  3 orcs (D:3)
  3 bats
  3 endoplasms
  5 giant cockroaches
  2 goblins
  4 hobgoblins
  7 kobolds
  3 quokkas
  9 ball pythons
  5 frilled lizards
  4 rats
53 creatures vanquished.

Notes
Turn   | Place    | Note
-------+----------+-------------------------------------------
     0 | Abyss:1  | Cak3Hol3 the Demonspawn Abyssal Knight began the quest for
                  | the Orb.
     0 | Abyss:1  | Reached XP level 1. HP: 18/18 MP: 2/2
    14 | D:1      | Escaped the Abyss
    75 | D:1      | Found Gire Jie's Distillery.
   278 | D:1      | Gained mutation: You have sharp fingernails. [demonic
                  | ancestry]
   278 | D:1      | Reached XP level 2. HP: 10/24 MP: 3/3
  1022 | D:1      | Reached XP level 3. HP: 29/30 MP: 4/4
  1233 | D:1      | Reached ** piety under Lugonu
  1572 | D:2      | Reached skill level 1 in Dodging
  2155 | D:2      | Gained mutation: You may rarely emit foul miasma when
                  | damaged in melee. [demonic ancestry]
  2155 | D:2      | Reached XP level 4. HP: 22/37 MP: 5/5
  2492 | D:3      | Reached skill level 1 in Maces & Flails
  2538 | D:3      | Reached skill level 4 in Fighting
  2583 | D:3      | Killed from afar by an orc wizard

Illustrated notes

Levels and vault maps discovered:
D:1:      wander_arrival_lonely_grave, layout_basic, serial_corexii_hall,
          corexii_hall_statues_l, chequers_hall_statues_corner_a, serial_shops,
          nicolae_shop_temple_entry_statues_fountains, kennysheep_pointless_box
D:2:      minmay_inner_zag, layout_loops_ring
D:3:      layout_rooms, saegor_snake_ambush

Skill      XL: |  1  2  3  4 |
---------------+-------------+-----
Armour         | 2 |  2.5
Polearms       | 2 |  2.1
Dodging        | 1 |  1.1
Maces & Flails | 1 |  1.0
Fighting       | 4 |  4.0
Stealth        | |  0.1
Shields        | |  0.3
Unarmed Combat | |  0.1
Invocations    | |  2.5

Action                   |  1- 3 |  4- 6 || total
-------------------------+-------+-------++-------
Melee: Spear             |    29 |       ||    29
       Whip              |   132 |     6 ||   138
       Punch             |     1 |       ||     1
       Unarmed           |       |    27 ||    27
Invok: Bend Space        |       |     2 ||     2
 Stab: Sleeping          |     2 |       ||     2
Armor: Leather armour    |    44 |    14 ||    58
Dodge: Dodged            |    95 |    17 ||   112
Block: Other             |    14 |    10 ||    24
       Reflection        |       |     4 ||     4
